 Dungeon Crawl Stone Soup version 0.17-a0-1504-gb7d9117 (webtiles) character file.

1160 urechis the Basher (level 8, -1/92 HPs)
             Began as an Ogre Gladiator on July 7, 2015.
             Shot with an arrow of flame by a centaur (14 damage)
             ... on level 6 of the Dungeon.
             The game lasted 00:10:54 (5039 turns).

urechis the Basher (Ogre Gladiator)                 Turns: 5039, Time: 00:10:54

Health: -1/92      AC:  3    Str: 23    XL:     8   Next: 39%
Magic:  8/8        EV: 10    Int:  7    God:
Gold:   207        SH:  0    Dex: 10    Spells: 0 memorised, 7 levels left

rFire  . . .     SeeInvis .     w - +0 giant spiked club
rCold  . . .     Clarity  .     b - +0 robe
rNeg   + . .     SustAt   .     (no shield)
rPois  .         Gourm    .     c - +0 hat
rElec  .         Spirit   .     (no cloak)
rCorr  .         Warding  .     (gloves unavailable)
rMut   .         Stasis   +     (boots unavailable)
MR     .....                    u - amulet of stasis
Stlth  +.........               (no ring)
                                B - ring of positive energy

@: confused, not resistant to hostile enchantments, very unstealthy
A: unfitting armour, tough skin 1
a: no special abilities


You were on level 6 of the Dungeon.
You were hungry.

You visited 1 branch of the dungeon, and saw 6 of its levels.

You collected 207 gold pieces.

Inventory:

Hand weapons
 w - a +0 giant spiked club (weapon)
Missiles
 d - 5 throwing nets (quivered)
Armour
 b - a +0 robe (worn)
 c - a +0 hat (worn)
Jewellery
 u - an amulet of stasis (around neck)
 B - a ring of positive energy (left hand)
Magical devices
 q - a wand of flame (16)
Scrolls
 a - a scroll of fog {unknown}
 h - 2 scrolls of teleportation {unknown}
 j - 4 scrolls of noise {unknown}
 l - 2 scrolls of recharging {unknown}
 m - 2 scrolls of remove curse {unknown}
 n - 3 scrolls of identify {unknown}
 s - a scroll of enchant weapon {unknown}
 v - 2 scrolls of amnesia {unknown}
 y - a scroll of magic mapping {unknown}
Potions
 g - 2 potions of heal wounds {unknown}
 i - a potion of curing {unknown}
 k - 2 potions of invisibility {unknown}
 p - a potion of cancellation {unknown}
 r - a potion of degeneration {unknown}
 t - a potion of flight {unknown}
 x - 2 potions of magic {unknown}
 z - 2 potions of poison {unknown}
Comestibles
 e - 4 bread rations
 o - a royal jelly
 A - 2 chunks of flesh
 C - a meat ration
 D - a beef jerky


   Skills:
 + Level 9.2 Fighting
 * Level 9.9 Maces & Flails
 - Level 2.1 Throwing
 - Level 2.6 Dodging


You had 7 spell levels left.
You didn't know any spells.

Dungeon Overview and Level Annotations

Branches:
Dungeon (6/15)
 Temple: D:4-7

Altars:
Ashenzari
Cheibriados
Gozag
Kikubaaqudgha
Okawaru
Vehumet


Innate Abilities, Weirdness & Mutations

You are too large for most types of armour.
You have tough skin (AC +1).


Message History

The centaur hits you but does no damage.
The wight closely misses you. The wight hits you but does no damage.
The centaur hits you!
* * * LOW HITPOINT WARNING * * *
The wight barely misses you.
Drink which item? (? for menu, Esc to quit)
You are confused.
You feel invigorated.
The wight hits you with an enchanted dire flail.
* * * LOW HITPOINT WARNING * * *
The centaur hits you.
* * * LOW HITPOINT WARNING * * *
You bump into the rock wall.
The centaur hits you.
* * * LOW HITPOINT WARNING * * *
The wight hits you from afar with an enchanted spear.
* * * LOW HITPOINT WARNING * * *
The wight completely misses you. The centaur closely misses you.
The centaur wields an uncursed shortbow.
The centaur shoots an arrow of flame.
The arrow of flame hits you!
You die...

....##.......#
......#......#
##............#####
###...............
##.....###...... ##...##
#.... .. #..## #...# ...
##..# #..?# .... #...#
#..@# #.... .####..##
#..(##..... .......#
####.zc#......
.......####)....z.......
................(....zz.
................(.....?.
.................)......
.#####..................
# ##.................


You could see a centaur and 2 wights.

Vanquished Creatures
  Grinder (D:4)
  Edmund (D:4)
  An ogre (D:4)
  A scorpion (D:4)
  A wight (D:6)
  A centaur zombie (D:6)
  3 orc priests
  4 hounds
  An iguana (D:4)
  4 orc wizards
  4 worker ants
  3 gnolls (D:3)
  Robin (D:2)
  4 adders
  A shadow imp (D:4)
  5 worms
  16 orcs
  A bat skeleton (D:4)
  A bat zombie (D:6)
  3 giant cockroaches (D:3)
  20 goblins
  7 hobgoblins
  4 jackals (D:2)
  10 kobolds
  A quokka (D:2)
  2 ball pythons (D:2)
  10 bats
  3 giant geckos (D:3)
  A giant gecko skeleton (D:4)
  3 giant newts
  A jackal skeleton (D:4)
  7 rats
126 creatures vanquished.

Notes
Turn   | Place    | Note
--------------------------------------------------------------
     0 | D:1      | urechis the Ogre Gladiator began the quest for the Orb.
     0 | D:1      | Reached XP level 1. HP: 22/22 MP: 1/1
   329 | D:1      | Reached XP level 2. HP: 31/31 MP: 2/2
   630 | D:2      | Found an opulent altar of Gozag.
   675 | D:2      | Found a radiant altar of Vehumet.
   728 | D:2      | Reached XP level 3. HP: 34/39 MP: 3/3
   805 | D:2      | Noticed Robin
  1185 | D:2      | Reached skill level 5 in Maces & Flails
  1319 | D:2      | Reached XP level 4. HP: 49/49 MP: 4/4
  1480 | D:2      | Killed Robin
  1992 | D:3      | Found an ancient bone altar of Kikubaaqudgha.
  2004 | D:4      | Reached skill level 5 in Fighting
  2031 | D:4      | Reached XP level 5. HP: 37/58 MP: 5/5
  2062 | D:4      | Noticed an ogre
  2096 | D:4      | Killed an ogre
  2096 | D:4      | Reached skill level 6 in Fighting
  2096 | D:4      | Reached XP level 6. HP: 54/68 MP: 6/6
  2129 | D:4      | Reached skill level 7 in Fighting
  2565 | D:4      | Noticed Edmund
  2907 | D:3      | Reached XP level 7. HP: 62/79 MP: 7/7
  3353 | D:3      | Reached skill level 8 in Fighting
  3679 | D:3      | Found a snail-covered altar of Cheibriados.
  3978 | D:4      | Found a shattered altar of Ashenzari.
  4068 | D:4      | Killed Edmund
  4447 | D:4      | Noticed Grinder
  4457 | D:4      | Killed Grinder
  4457 | D:4      | Reached skill level 9 in Maces & Flails
  4457 | D:4      | Reached XP level 8. HP: 71/91 MP: 8/8
  4682 | D:5      | Entered Level 5 of the Dungeon
  4886 | D:6      | Found an iron altar of Okawaru.
  5039 | D:6      | Shot with an arrow of flame by a centaur

Vault maps used:
D:1:      eino_arrival_cavern_e
D:2:      nicolae_gozag_cash_rules_everything_around_me, vehumet_crystals,
          nrook_mini_backslash, uniq_robin
D:3:      lemuel_round_altar, nicolae_overflow_hidden_temple,
          corexii_corridor_pit
D:4:      kennysheep_mini_moat, first_bread, uniq_grinder, uniq_edmund
D:5:      forest_paths, grunt_temple_overflow_order_and_chaos_1, uniq_menkaure,
          uniq_pikel
D:6:      minmay_temple_entry_large_hall, gup_sewer_entry_pipe,
          okawaru_gym_becter, uniq_duvessa

Action                   |  1- 3 |  4- 6 |  7- 9 || total
-------------------------+-------+-------+-------++-------
Melee: Flail             |    97 |    75 |       ||   172
       Giant spiked club |       |    59 |   143 ||   202
  Use: Potion            |       |     1 |     1 ||     2
 Stab: Sleeping          |     1 |     2 |     1 ||     4
       Distracted        |     1 |       |       ||     1
  Eat: Chunk             |     1 |     6 |     6 ||    13
